 Dungeon Crawl Stone Soup version 0.23-a0-650-ga4d50d4 (webtiles) character file.

39 Borgoz the Cutter (level 3, -1/24 HPs)
             Began as a Kobold Berserker on Jan 2, 2019.
             Was a Believer of Trog.
             Slain by a hobgoblin
             ... wielding a +0 club
             ... led by Robin
              (10 damage)
             ... on level 2 of the Dungeon.
             The game lasted 00:04:25 (1106 turns).

Borgoz the Cutter (Kobold Berserker)                Turns: 1106, Time: 00:04:25

Health: -1/24      AC:  2    Str: 14    XL:     3   Next: 67%
Magic:  3/3        EV: 15    Int:  8    God:    Trog [**....]
Gold:   25         SH:  0    Dex: 15    Spells: 2/2 levels left

rFire    . . .     SeeInvis .   a - +0 short sword
rCold    . . .     Gourm    .   (shield restricted)
rNeg     . . .     Faith    .   b - +0 animal skin
rPois    .         Spirit   .   (no helmet)
rElec    .         Reflect  .   (no cloak)
rCorr    .         Harm     .   (no gloves)
MR       .....                  (no boots)
Stlth    +.........             (no amulet)
HPRegen  0.08/turn              (no ring)
MPRegen  0.08/turn              (no ring)

@: no status effects
A: small, carnivore
a: Berserk, Trog's Hand, Renounce Religion


You were on level 2 of the Dungeon.
You worshipped Trog.
Trog was pleased with you.
You were very full.

You visited 1 branch of the dungeon, and saw 2 of its levels.

You collected 25 gold pieces.

Inventory:

Hand Weapons
 a - a +0 short sword (weapon)
 h - a +2 antimagic short sword
Armour
 b - a +0 animal skin (worn)
 e - a cursed +0 pair of boots
Scrolls
 d - 3 scrolls of teleportation {unknown}
 g - 4 scrolls of identify {unknown}
Potions
 f - a potion of degeneration {unknown}
Comestibles
 c - 3 rations
 i - 5 chunks of flesh


   Skills:
 + Level 3.9 Fighting
 + Level 5.0 Short Blades
 + Level 1.7 Armour
 + Level 2.7 Dodging


You had 2 spell levels left.
You didn't know any spells.
Your spell library was empty.

Dungeon Overview and Level Annotations

Branches:
Dungeon (2/15)

Altars:

Annotations:
D:2 Robin


Innate Abilities, Weirdness & Mutations

You are small and have problems with some larger weapons.
You are carnivorous and can eat meat at any time.


Message History

Items here: )))) รทรทรท
Okay, then.
Robin throws the goblin at you! The goblin misses you.
Robin roars a battlecry!
The goblins go into a battle-frenzy!
The goblin barely misses you.
You hear a shout!
You see here a shield.
You closely miss the goblin. The goblin misses you.
The hobgoblin hits you with a +0 club. The hobgoblin closely misses you.
You completely miss the goblin. The goblin misses you.
The goblin barely misses you. The hobgoblin hits you with a +0 club.
You hit the goblin.
The goblin is severely wounded.
The hobgoblin completely misses you. The goblin misses you.
The goblin closely misses you. The hobgoblin misses you.
You hit the goblin but do no damage.
The goblin is severely wounded.
The hobgoblin hits you with a +0 club!
You die...

# ### #. ..# .# #.
#.### ## .# #.. #...
. .# #.###.# #. .#
#.##...g.#######.##.#
#...gg@#............#
####ggg#)#######.#..#
#.gg#.# ##......#
#...#.# ##....#.##
....#.###.....#.#
g#.#.#.##........#
#.#...#...........# #
########.......#####
######........<..


You could see Robin, 3 hobgoblins and 5 goblins.

Vanquished Creatures
  An ooze (D:1)
  A worm (D:2)
  2 bats (D:1)
  6 goblins
  10 hobgoblins
  5 kobolds (D:1)
  2 rats
27 creatures vanquished.

Notes
Turn   | Place    | Note
-------+----------+-------------------------------------------
     0 | D:1      | Borgoz the Kobold Berserker began the quest for the Orb.
     0 | D:1      | Reached XP level 1. HP: 14/14 MP: 1/1
    85 | D:1      | Reached XP level 2. HP: 15/19 MP: 2/2
   180 | D:1      | Reached XP level 3. HP: 4/24 MP: 3/3
  1068 | D:2      | Noticed Robin
  1078 | D:2      | Reached skill level 5 in Short Blades
  1092 | D:2      | Reached ** piety under Trog
  1106 | D:2      | Slain by a hobgoblin

Vault maps used:
D:1:      wander_arrival_fairy_ring
D:2:      minmay_misc_feat_columns, minmay_close_crescents, uniq_terence,
          uniq_robin, uniq_crazy_yiuf_cottage

Skill      XL: |  1  2  3 |
---------------+----------+-----
Short Blades   | 5 |  5.0
Fighting       | |  3.9
Armour         | |  1.7
Dodging        | |  2.7

Action                   || total
-------------------------++-------
Melee: Short sword       ||   123
  Use: Potion            ||     1
  Eat: Chunk             ||     7
Armor: Animal skin       ||    10
Dodge: Dodged            ||    88

Table legend:
 A = Non-vault XP
 B = Vault XP
 C = Vault XP percentage of total XP
 D = Non-vault monster count
 E = Vault monster count
 F = Vault count percentage of total count
                 A         B        C        D         E       F
            +---------+---------+-------+---------+---------+-------
      Total |      49 |       7 |  12.5 |      23 |       4 |  14.8
            +---------+---------+-------+---------+---------+-------
        D:1 |      41 |       0 |   0.0 |      20 |       0 |   0.0
        D:2 |       8 |       7 |  46.7 |       3 |       4 |  57.1
            +---------+---------+-------+---------+---------+-------
